AoeStats
← EMPEROR98265292

Arena

508020264Analyzed
3v3 RM · 12d ago on Sep 20, 2026· 68m 55s· 6 players
Game mode
Random Map
Map size
Normal (6 player)
Population
200
Speed
Normal
Resources
Standard
Victory
Conquest
Starting age
Dark Age
Ending age
Imperial Age
RankedLock teamsTeams togetherTeam positionsShared explorationLock speedFull tech treeHidden civsTurbo modeCheats
Victory
Defeat
🇮🇳 Bohemians · India
1522
+11
🇮🇳 Burgundians · India
1495
+12
🇮🇳 Khmer · India
1424
+15
🇦🇷 Goths · Argentina
1439
-14
🇺🇸 Italians · United States
1394
-12
🇨🇿 Saracens · Czechia
1384
-12
Delobuch
10:04 Feudal Age
13:54 Castle Age
12:23 Double-Bit Axe
12:48 Horse Collar
15:18 Bow Saw
21:22 Gold Mining
24:30 Stone Mining
25:07 Loom
28:46 Imperial Age
27:51 Wheelbarrow
28:57 Scale Barding Armor
29:02 Forging
29:35 Bloodlines
29:26 Husbandry
29:27 Elite Mameluke
30:29 Conscription
30:30 Chain Barding Armor
33:48 Plate Barding Armor
33:48 Iron Casting
34:34 Coinage
36:55 Blast Furnace
36:36 Banking
39:54 Chemistry
41:37 Bimaristan
41:35 Fletching
41:45 Padded Archer Armor
42:19 Ballistics
46:06 Hand Cart
45:25 Light Cavalry
48:26 Hussar
52:15 Two-Man Saw
52:59 Hoardings
52:36 Masonry
53:12 Heavy Plow
53:48 Gold Shaft Mining
55:04 Caravan
61:53 Town Watch
Laggy
10:07 Feudal Age
10:24 Loom
14:21 Castle Age
12:32 Double-Bit Axe
12:56 Horse Collar
19:31 Town Watch
20:39 Wheelbarrow
20:48 Bow Saw
23:21 Stone Mining
27:44 Imperial Age
25:32 Fletching
26:03 Padded Archer Armor
26:32 Ballistics
27:07 Stone Shaft Mining
27:18 Bodkin Arrow
28:03 Fortified Wall
28:10 Leather Archer Armor
28:35 Bracer
29:44 Chemistry
31:10 Ring Archer Armor
33:00 Gold Mining
37:30 Elite Genoese Crossbowman
38:33 Conscription
38:53 Hoardings
45:01 Pirotechnia
47:28 Thumb Ring
48:06 Husbandry
48:20 Bloodlines
47:31 Light Cavalry
48:37 Hussar
49:23 Scale Barding Armor
49:28 Forging
49:50 Hand Cart
49:36 Town Patrol
58:34 Caravan
60:43 Iron Casting
60:28 Chain Barding Armor
60:46 Iron Casting
61:18 Heavy Plow
Ministro ChocoArroz
8:56 Loom
11:16 Feudal Age
15:14 Castle Age
13:03 Double-Bit Axe
13:13 Horse Collar
16:47 Bow Saw
16:47 Heavy Plow
24:15 Wheelbarrow
24:31 Gold Mining
24:57 Stone Mining
29:09 Imperial Age
26:43 Scale Mail Armor
26:53 Forging
27:05 Squires
27:38 Hand Cart
28:13 Chain Mail Armor
29:23 Iron Casting
28:53 Man-at-Arms
29:29 Long Swordsman
30:18 Perfusion
30:40 Conscription
31:28 Blast Furnace
30:07 Two-Handed Swordsman
30:36 Champion
32:48 Capped Ram
33:03 Elite Huskarl
33:07 Capped Ram
33:36 Town Watch
34:44 Anarchy
35:46 Pikeman
36:44 Halberdier
39:46 Two-Man Saw
40:08 Crop Rotation
41:08 Ballistics
41:50 Chemistry
40:44 Fletching
40:54 Padded Archer Armor
43:18 Coinage
44:56 Banking
50:05 Bodkin Arrow
50:25 Leather Archer Armor
53:52 Caravan
56:48 Guilds
64:42 Bracer
23
10:01 Feudal Age
11:31 Loom
12:09 Double-Bit Axe
14:35 Castle Age
12:38 Horse Collar
18:48 Fervor
21:23 Wheelbarrow
22:20 Bow Saw
26:52 Imperial Age
25:36 Hand Cart
26:53 Chemistry
26:33 Wagenburg Tactics
27:39 Houfnice
29:09 Elite Skirmisher
29:40 Fletching
30:42 Conscription
30:31 Bodkin Arrow
30:37 Padded Archer Armor
30:48 Town Watch
31:36 Bracer
31:54 Crossbowman
33:32 Ballistics
33:19 Siege Engineers
32:58 Arbalester
33:55 Leather Archer Armor
43:18 Masonry
42:49 Treadmill Crane
46:21 Guilds
47:41 Scale Mail Armor
48:11 Ring Archer Armor
47:45 Scale Mail Armor
47:07 Pikeman
47:47 Squires
47:58 Forging
51:55 Chain Mail Armor
52:16 Iron Casting
53:37 Plate Mail Armor
52:34 Halberdier
53:25 Heavy Plow
54:26 Two-Man Saw
55:21 Hussite Reforms
56:34 Blast Furnace
57:00 Caravan
58:11 Fortified Wall
60:25 Architecture
62:28 Block Printing
62:33 Sanctity
62:54 Theocracy
62:51 Illumination
64:01 Elite Hussite Wagon
64:40 Arson
69:56 Illumination
EMPEROR98265292
4:10 Double-Bit Axe
11:06 Feudal Age
15:16 Castle Age
13:23 Horse Collar
14:02 Bow Saw
16:27 Wheelbarrow
22:05 Hand Cart
21:39 Loom
23:23 Sanctity
24:46 Gold Mining
28:20 Imperial Age
26:14 Scale Mail Armor
26:24 Forging
26:57 Gold Shaft Mining
27:23 Chain Mail Armor
27:27 Fortified Wall
27:36 Squires
27:22 Arson
27:05 Man-at-Arms
28:21 Iron Casting
27:49 Long Swordsman
28:29 Two-Handed Swordsman
29:41 Plate Mail Armor
28:37 Capped Ram
29:31 Champion
31:36 Blast Furnace
33:19 Chemistry
32:54 Treadmill Crane
33:24 Masonry
33:59 Stone Mining
34:57 Conscription
34:38 Padded Archer Armor
35:49 Stone Shaft Mining
35:45 Leather Archer Armor
38:34 Architecture
42:12 Scale Barding Armor
42:20 Elite Coustillier
44:10 Chain Barding Armor
43:13 Light Cavalry
43:54 Husbandry
43:40 Elite Skirmisher
44:12 Fletching
45:17 Bodkin Arrow
45:15 Light Cavalry
45:55 Husbandry
46:35 Plate Barding Armor
46:48 Bracer
47:16 Ballistics
47:57 Hussar
49:24 Caravan
54:21 Two-Man Saw
54:58 Pikeman
AP
6:20 Loom
11:16 Feudal Age
10:25 Loom
14:09 Castle Age
12:36 Double-Bit Axe
12:33 Horse Collar
13:10 Loom
15:18 Wheelbarrow
21:22 Bow Saw
21:18 Heavy Plow
23:16 Gold Mining
23:42 Town Watch
28:42 Imperial Age
26:37 Bloodlines
26:35 Husbandry
27:02 Scale Barding Armor
27:09 Forging
27:21 Hand Cart
28:12 Chain Barding Armor
27:37 Light Cavalry
29:42 Iron Casting
28:57 Fletching
28:48 Hussar
30:16 Plate Barding Armor
30:07 Tusk Swords
29:39 Elite Battle Elephant
30:44 Conscription
33:01 Blast Furnace
35:24 Ballistics
44:33 Heavy Scorpion
46:38 Chemistry
45:44 Siege Engineers
49:47 Caravan
51:37 Double Crossbow
57:27 Capped Ram
59:20 Hoardings
Connection lost

Rejoining the realm…

Still unreachable

The connection could not be restored.

Session expired

The server has moved on; the page needs a fresh start.